Map: Blackburn LE

Players

Marcoxix

  • Race: Zerg Zerg
  • League: Silver

Throwfordays - Winner!

  • Race: Zerg Zerg
  • League: Gold

VOD

Have the link to the VOD?

Description

Time

  • Played on: June 18, 2021, 3:35 p.m.
  • Length: 8:58
Show
View Real Time Build Order
Export as new Build Order

Marcoxix Zerg 

Build Orders: Pool First 

Get SALT Encoding   

  12  0:20  Spawning Pool  
  11  0:22  Drone  
  11  0:27  Extractor  
  11  0:34  Drone  
  12  0:35  Drone  
  12  0:41  Drone  
  14  0:50  Overlord  
  14  1:08  Queen  
  14  1:10  Drone  
  14  1:11  Drone  
  18  1:18  Zergling x2  
  19  1:28  Zergling x2  
  20  1:39  Overlord  
  20  1:43  Metabolic Boost  
  20  1:51  Drone  
  21  2:03  Zergling x2  
  22  2:15  Zergling x2  
  23  2:29  Zergling x6  
  25  2:41  Hatchery  
  25  2:44  Roach Warren  
  23  2:50  Lair  
  23  2:55  Drone  
  24  3:13  Zergling x8  
  28  3:20  Extractor  
  28  3:21  Overlord  
  23  3:41  Roach x3  
  27  3:52  Roach  
  29  3:56  Roach  
  27  4:10  Roach x2  
  31  4:19  Zergling x2, Roach  
  34  4:28  Zergling x4  
  34  4:46  Zergling x2, Roach  
  37  4:55  Roach  
  39  5:05  Zergling x2  
  40  5:07  Drone  
  41  5:14  Drone x2  
  43  5:27  Overlord  
  43  5:38  Overseer  
  43  5:42  Overlord  
  43  5:48  Zergling x2  
  43  5:49  Overlord  
  44  6:11  Roach  
  44  6:12  Zergling x2  
  44  6:17  Glial Reconstitution, Hydralisk Den  
  46  6:19  Zergling x4  
  48  6:38  Zergling x4, Roach  
  48  6:39  Roach  
  44  7:29  Zergling x2, Hydralisk x3  
  41  7:36  Zergling x10  
  38  7:37  Zergling x2  
  38  7:43  Zergling x2  
  34  7:49  Drone  
  35  8:01  Hydralisk  
  37  8:07  Drone x2  
  37  8:10  Drone  
  40  8:15  Drone  
  41  8:24  Drone x2  
  43  8:29  Zergling x2  
  43  8:32  Drone  
Show
View Real Time Build Order
Export as new Build Order

Throwfordays Zerg - Winner!

Build Orders: Hatch First 

Get SALT Encoding   

  12  0:01  Drone  
  13  0:10  Drone  
  14  0:17  Overlord  
  14  0:45  Hatchery, Drone  
  14  0:49  Drone  
  15  0:54  Drone  
  16  1:08  Drone  
  17  1:13  Spawning Pool  
  17  1:17  Drone  
  17  1:29  Overlord  
  17  1:31  Drone  
  18  1:36  Extractor  
  18  1:39  Drone  
  18  1:54  Overlord  
  18  2:01  Queen  
  18  2:03  Zergling x2  
  18  2:05  Drone  
  22  2:15  Zergling x2  
  23  2:17  Drone  
  23  2:19  Queen  
  26  2:30  Zergling x4  
  28  2:38  Baneling Nest  
  27  2:44  Zergling x4  
  27  2:45  Zergling x2  
  30  2:52  Zergling x4  
  30  2:54  Queen  
  34  3:01  Drone  
  35  3:12  Drone  
  36  3:14  Overlord  
  36  3:19  Metabolic Boost  
  36  3:23  Baneling x2  
  34  3:50  Zergling x2  
  34  3:51  Zergling x4  
  37  4:00  Baneling x2  
  37  4:01  Baneling  
  36  4:12  Drone x5  
  36  4:13  Drone  
  38  4:44  Zergling x6  
  38  4:45  Zergling x4  
  39  4:51  Zergling x8  
  39  4:52  Zergling x2  
  44  5:02  Overlord  
  44  5:15  Overlord x3  
  44  5:30  Drone x2  
  44  5:34  Extractor, Drone x2, Hatchery  
  44  5:35  Drone  
  47  5:39  Drone x3  
  50  5:47  Zergling x2  
  51  6:02  Drone x2  
  53  6:10  Lair  
  53  6:15  Drone x2  
  55  6:24  Queen  
  57  6:26  Zergling x8  
  61  6:47  Drone  
  61  6:48  Queen  
  61  6:51  Drone x2  
  66  7:07  Baneling x3  
  66  7:08  Baneling x4  
  66  7:10  Zergling x10  
  59  7:39  Zergling x12  
  64  7:51  Baneling x5  
  64  7:52  Baneling x8  
  64  7:53  Baneling x4  
  64  7:57  Drone x3  
  67  8:01  Zergling x2, Overlord  
  68  8:08  Extractor  
  68  8:11  Extractor  
  66  8:21  Zergling x6  
  66  8:22  Zergling x2  
  66  8:25  Zergling x4  
  72  8:38  Drone x5  
Tags
 
Add a new tag
Caveats
  • Supply blocks, unpowered buildings, or Contaminate may cause inaccurate times.
  • Supply counts are checked every 10 seconds.